 Dungeon Crawl Stone Soup version bcrawl-1.14 (webtiles) character file.

Game seed: 7574430377308440947

105 2BsUSBport the Stinger (level 4, -6/36 HPs)
             Began as a Naga Venom Mage on Sept 17, 2019.
             Mangled by a bullfrog (12 damage)
             ... on level 3 of the Dungeon.
             The game lasted 00:13:48 (2210 turns).

2BsUSBport the Stinger (Naga Venom Mage)            Turns: 2210, Time: 00:13:48

Health: -6/36      AC:  2    Str: 11    XL:     4   Next: 83%
Magic:  2/7        EV: 10    Int: 16    God:
Gold:   182        SH:  0    Dex: 11    Spells: 1/8 levels left

rFire    . . .     SeeInvis +   (no weapon)
rCold    . . .     Gourm    .   (no shield)
rNeg     . . .     Faith    .   a - +0 robe
rPois    +         Spirit   .   (no helmet)
rElec    .         Reflect  .   (no cloak)
rCorr    .         Harm     .   (no gloves)
MR       .....                  (no barding)
Stlth    ++........             (no amulet)
HPRegen  0.12/turn              (no ring)
MPRegen  0.10/turn              (no ring)

@: short of breath, very slow
A: large, see invisible, deformed body, poison resistance, slowness 2, slow
metabolism 1, spit poison 1, AC +1
a: Spit Poison


You were on level 3 of the Dungeon.
You were not hungry.

You visited 1 branch of the dungeon, and saw 3 of its levels.

You collected 182 gold pieces.

Inventory:

Armour
 a - a +0 robe (worn)
Scrolls
 b - a scroll of fear {unknown}
 e - 2 scrolls of magic mapping {unknown}
 g - a scroll of identify {unknown}
 h - 4 scrolls of remove curse {unknown}
 j - a scroll of enchant armour {unknown}
Potions
 c - a potion of berserk rage
 d - a potion of degeneration
Comestibles
 f - 4 rations {!d}


   Skills:
 + Level 1.6 Dodging
 + Level 3.7 Stealth
 + Level 2.6 Spellcasting
 + Level 1.7 Conjurations
 + Level 0.6 Air Magic
 + Level 5.8 Poison Magic


You had one spell level left.
You knew the following spells:

 Your Spells              Type           Power        Failure   Level  Hunger
a - Sting                 Conj/Pois      ##..         4%          1    #......
b - Poisonous Vapours     Pois/Air       ##....       8%          2    ##.....
c - Olgreb's Toxic Radia  Pois           ###.....     19%         4    #####..

Your spell library contained the following spells:

 Spells                   Type           Power        Failure   Level  Hunger
 Ignite Poison            Fire/Tmut/Pois #.......     26%         3    ###....
 Summon Scorpions         Summ/Pois      ##......     52%         4    #####..
 Venom Bolt               Conj/Pois      ##........   75%         5    ######.


Dungeon Overview and Level Annotations

Branches:
Dungeon (3/12)

Altars:
Cheibriados
Uskayaw
Vehumet


Innate Abilities, Weirdness & Mutations

You cannot wear boots.
Your serpentine skin is tough. (AC +1)
You have supernaturally acute eyesight. (SInv)
Armour fits poorly on your strangely shaped body.
Your system is resistant to poisons. (rPois)
You cover ground very slowly.
You have a slow metabolism.
You can spit poison.


Message History

Confirm with . or Enter, or press ? or * to list all spells.
Aiming: Sting (safe; 4% risk of failure)
Press: ? - help, Shift-Dir - straight line, f/p - bullfrog
Aim: a bullfrog (moderately wounded, poisoned)
The sting misses the bullfrog.
You have got your breath back.
The bullfrog hits you!
It was a potion of cancellation.
You feel magically purged. The bullfrog hits you!
* * * LOW HITPOINT WARNING * * *
The bullfrog closely misses you.
Casting: Sting (safe; 4% risk of failure)
Confirm with . or Enter, or press ? or * to list all spells.
Okay, then.
Press: ? - help, Shift-Dir - straight line, f/p - bullfrog
Aim: a bullfrog (heavily wounded, poisoned)
The splash of poison hits the bullfrog.
The bullfrog looks as sick as possible!
The bullfrog is heavily wounded.
You feel slightly more hungry. The bullfrog hits you!
You die...

≈≈≈≈≈...≈≈#≈≈.#....○☼.......##.##
≈≈≈#≈..≈≈≈≈#≈#....°._.°#...##...#
#≈≈≈≈≈≈#≈≈≈≈##..##.§.§...###.....
##.≈≈≈≈≈≈≈.## #....§......#......
.†##≈≈†≈≈##.# ##.....#......_..
.####..####.######.#...#.##......
## #.## #..........#.#.###.....
#####.# ###.........#.#.####...#
....... ......F@.)..#......##.##
....... ............#...##....#
####### ###..)......#..>#######
............#.### ###.........#.#
.............# ............###
....#######..


You could see a bullfrog.

Vanquished Creatures
  4 adders
  An ooze (D:3)
  A worm (D:2)
  10 dart slugs
  An orc (D:3)
  2 giant cockroaches
  4 goblins
  7 hobgoblins
  4 bats
  2 frilled lizards (D:3)
  4 kobolds
  3 rats
43 creatures vanquished.

Notes
Turn   | Place    | Note
-------+----------+-------------------------------------------
     0 | D:1      | 2BsUSBport the Naga Venom Mage began the quest for the Orb.
     0 | D:1      | Reached XP level 1. HP: 15/15 MP: 3/3
   181 | D:1      | Reached XP level 2. HP: 17/22 MP: 0/5
   904 | D:2      | Learned a level 2 spell: Poisonous Vapours
  1131 | D:2      | Reached XP level 3. HP: 28/28 MP: 4/6
  1240 | D:2      | Reached skill level 5 in Poison Magic
  1619 | D:3      | Found a snail-covered altar of Cheibriados.
  1752 | D:3      | Reached XP level 4. HP: 36/36 MP: 4/7
  2030 | D:3      | Learned a level 4 spell: Olgreb's Toxic Radiance
  2107 | D:3      | Found a radiant altar of Vehumet.
  2115 | D:3      | Found a hide-covered altar of Uskayaw.
  2200 | D:3      | Noticed a bullfrog
  2210 | D:3      | Mangled by a bullfrog

Skill      XL: |  1  2  3 |
---------------+----------+-----
Poison Magic   | 5 |  5.8
Dodging        | |  1.6
Stealth        | |  3.7
Spellcasting   | |  2.6
Conjurations   | |  1.7
Air Magic      | |  0.6

Action                   |  1- 3 |  4- 6 || total
-------------------------+-------+-------++-------
Melee: Unarmed           |     6 |     1 ||     7
 Cast: Sting             |    58 |    35 ||    93
       Poisonous Vapours |     1 |       ||     1
 Abil: Spit Poison       |     3 |     3 ||     6
  Use: Potion            |       |     1 ||     1
  Eat: Ration            |     2 |       ||     2
Armor: Robe              |     5 |     2 ||     7
Dodge: Dodged            |    15 |     7 ||    22
